 Dungeon Crawl Stone Soup version 0.26-a0-612-gd4d190f (webtiles) character file.

Game seed: 11586574123124284586

185 robertstho the Magician (level 5, -1/30 HPs)
             Began as a Deep Elf Fire Elementalist on Sept 8, 2020.
             Slain by a gnoll
             ... wielding a +0 spear
              (8 damage)
             ... on level 3 of the Dungeon.
             The game lasted 00:05:12 (3282 turns).

robertstho the Magician (DEFE)                      Turns: 3282, Time: 00:05:12

Health: -1/30      AC:  3    Str:  7    XL:     5   Next: 37%
Magic:  15/15      EV: 13    Int: 21    God:
Gold:   148        SH:  0    Dex: 15    Spells: 2/15 levels left

rFire    . . .     SeeInvis .   c - +0 dagger
rCold    . . .     Faith    .   (no shield)
rNeg     . . .     Spirit   .   a - +0 robe
rPois    .         Reflect  .   (no helmet)
rElec    .         Harm     .   f - +0 cloak
rCorr    .                      (no gloves)
MR       .....                  (no boots)
Stlth    +.........             (no amulet)
HPRegen  0.10/turn              (no ring)
MPRegen  0.14/turn              (no ring)

@: confused
A: strong 1, MP-powered wands
a: no special abilities


You were on level 3 of the Dungeon.
You visited 1 branch of the dungeon, and saw 3 of its levels.

You collected 148 gold pieces.

Inventory:

Hand Weapons
 c - a +0 dagger (weapon)
Missiles
 q - 6 atropa-tipped darts (quivered)
Armour
 a - a +0 robe (worn)
 f - a +0 cloak (worn)
Wands
 p - a wand of enslavement (9)
Scrolls
 b - 2 scrolls of noise {unknown}
 d - a scroll of random uselessness {unknown}
 e - a scroll of fog {unknown}
 g - 4 scrolls of remove curse {unknown}
 l - a scroll of magic mapping {unknown}
 o - 2 scrolls of amnesia {unknown}
Potions
 h - 2 potions of mutation
 j - a potion of flight {unknown}
 k - a potion of heal wounds {unknown}
 m - a potion of haste {unknown}
 n - a potion of degeneration {unknown}


   Skills:
 * Level 1.7 Fighting
 + Level 2.5 Dodging
 + Level 3.0 Stealth
 * Level 5.7 Spellcasting
 + Level 1.7 Conjurations
 + Level 3.9 Fire Magic


You had 2 spell levels left.
You knew the following spells:

 Your Spells              Type           Power        Failure   Level
a - Foxfire               Conj/Fire      ###.         3%          1
b - Conjure Flame         Conj/Fire      ###.....     10%         3
c - Sticky Flame          Conj/Fire      ###.....     30%         4
d - Fireball              Conj/Fire      ###.......   65%         5

Your spell library contained the following spells:

 Spells                   Type           Power        Failure   Level
 Inner Flame              Hex/Fire       ##......     13%         3


Dungeon Overview and Level Annotations

Branches:
Dungeon (3/15)

Altars:
Elyvilon
Xom

Annotations:
D:2 Terence
D:3 3 runed translucent doors


Innate Abilities, Weirdness & Mutations

Your muscles are strong. (Str +2)
You expend magic power (3 MP) to strengthen your wands.


Message History

The goblin shouts!
You hit the orc.
The orc is moderately wounded.
The gnoll hits you from afar with a +0 spear!
The orc hits you with a +0 dagger.
* * * LOW HITPOINT WARNING * * *
It was a potion of ambrosia.
You are confused.
You feel invigorated.
The gnoll hits you from afar with a +0 spear.
* * * LOW HITPOINT WARNING * * *
Okay, then.
You're too confused to move!
The gnoll barely misses you.
You bump into the rock wall.
The gnoll hits you from afar with a +0 spear!
* * * LOW HITPOINT WARNING * * *
The orc completely misses you.
You closely miss the orc.
The gnoll hits you from afar with a +0 spear!
You die...

..# # #........# ..#
+.##.. ##.# ..#
+.....####..#########
..#
+..?..#....†g).).....
..#
.#.#.....)......########
#.# #..#.....go#...##
### ..#.#####g##o..#
.#.# #.##.#†# #$#
#@##<#.# #######8#
##o##.#.#
#.......####goo#.#.#
##.####......#...#.# #.#
#.####..)###.# #.# #.#
##.## .# #####.# #.# #.#
#.....# #.### #.#
#.###.####.... ...


You could see 2 gnolls, 4 orcs and a goblin.

Vanquished Creatures
  A worker ant (D:2)
  2 gnolls (D:3)
  5 adders
  A white imp (D:2)
  2 oozes
  2 worms
  5 dart slugs
  A leopard gecko (D:1)
  2 giant cockroaches (D:1)
  6 goblins
  7 hobgoblins
  5 jackals (D:1)
  3 quokkas
  2 ball pythons (D:1)
  8 bats
  3 frilled lizards
  5 kobolds
  9 rats
69 creatures vanquished.

Vanquished Creatures (others)
  227 foxfires
227 creatures vanquished.

Grand Total: 296 creatures vanquished

Notes
Turn   | Place    | Note
-------+----------+-------------------------------------------
     0 | D:1      | robertstho the Deep Elf Fire Elementalist began the quest
                  | for the Orb.
     0 | D:1      | Reached XP level 1. HP: 10/10 MP: 6/6
    60 | D:1      | Reached XP level 2. HP: 8/15 MP: 0/8
   616 | D:1      | Reached skill level 4 in Spellcasting
   631 | D:1      | Reached XP level 3. HP: 20/20 MP: 4/10
   704 | D:1      | Reached skill level 1 in Fighting
  1233 | D:2      | Found a shimmering altar of Xom.
  1522 | D:2      | Reached XP level 4. HP: 25/25 MP: 7/12
  1574 | D:2      | Reached skill level 5 in Spellcasting
  1764 | D:2      | Found a white marble altar of Elyvilon.
  2426 | D:3      | Reached XP level 5. HP: 29/29 MP: 10/14
  2690 | D:3      | Noticed Terence
  2709 | D:3      | Gained mutation: You expend magic power (3 MP) to
                  | strengthen your wands. [potion of mutation]
  2709 | D:3      | Gained mutation: Your muscles are strong. (Str +2) [potion
                  | of mutation]
  3150 | D:1      | Learned a level 3 spell: Conjure Flame
  3155 | D:1      | Learned a level 4 spell: Sticky Flame
  3161 | D:1      | Learned a level 5 spell: Fireball
  3271 | D:3      | Found a runed translucent gate.
  3271 | D:3      | Found a runed translucent gate.
  3271 | D:3      | Found a runed translucent gate.
  3282 | D:3      | Slain by a gnoll

Illustrated notes

Levels and vault maps discovered:
D:1:      giann_wishing_wells, layout_loops_ring, st_stairs_1,
          minmay_pentomino_t4
D:2:      layout_loops_ring, elyvilon_altar_3, old_standard_altar
D:3:      layout_loops_ring, biasface_ghost_orc_armoury, minmay_checkerbox,
          uniq_terence

Skill      XL: |  1  2  3  4 |
---------------+-------------+-----
Spellcasting   | 4 5 |  5.7
Fighting       | 1 |  1.7
Stealth        | 3 |  3.0
Dodging        | |  2.5
Conjurations   | |  1.7
Fire Magic     | |  3.9

Action                   |  1- 3 |  4- 6 || total
-------------------------+-------+-------++-------
Melee: Unarmed           |     5 |       ||     5
       Dagger            |     1 |     4 ||     5
Throw: Dart              |       |     2 ||     2
 Cast: Foxfire           |    76 |    78 ||   154
  Use: Potion            |       |     2 ||     2
Armor: Robe              |     5 |     6 ||    11
Dodge: Dodged            |    37 |    16 ||    53

Table legend: (Time is in decaauts)
 A = Elapsed time spent in this place.
 B = Non-inter-level travel time spent in this place.
 C = Inter-level travel time spent in this place.
 D = Time resting spent in this place.
 E = Time spent auto-exploring this place.
 F = Levels seen in this place.
 G = Mean time per level.
                   A        B        C        D        E       F      G
               +--------+--------+--------+--------+--------+-----+--------+
         Total |   3284 |   3149 |    135 |    579 |   2029 |   3 | 1094.7 |
       Dungeon |   3284 |   3149 |    135 |    579 |   2029 |   3 | 1094.7 |
               +--------+--------+--------+--------+--------+-----+--------+

Top non-repeatable levels by time:
     D:2: 1556 daAuts
     D:1: 1342 daAuts
     D:3: 385 daAuts
